TOP OF THE 1ST |
---|
Temiskaming District Secondary School Saints batting - Pitching for Bishop Verot HS : RHP Mathieu Hallé | Pitching: RHP Mathieu Hallé | | Batting: RHB José Icaza | 0-0: DOUBLE (Flyball, 8LXD) | Batting: LHB Juan Esparza | 0-0: Ball 1-0: Swinging Strike 1-1: Ball 2-1: Foul Ball, location: 2F 2-2: Ground out 1-3 (Groundball, 13) José Icaza to third | Batting: RHB Hilton Knowles | 0-0: Ball 1-0: Foul Ball, location: 2F 1-1: Ball 2-1: Called Strike 2-2: Ball 3-2: 2-RUN HOME RUN (Flyball, 89XD), Distance : 393 ft | Batting: LHB Leonardo Torres | 0-0: Ball 1-0: Ball 2-0: Called Strike 2-1: SINGLE (Flyball, 9LM) | Batting: RHB Ramón Cabrera | 0-0: Ball 1-0: Ball 2-0: Called Strike 2-1: Foul Ball, location: 2F 2-2: Strikes out swinging | Batting: RHB Louis-Joseph Perrier | 0-0: Called Strike 0-1: Ball 1-1: Swinging Strike 1-2: Strikes out swinging | Top of the 1st over - 2 runs, 3 hits, 0 errors, 1 left on base; Temiskaming District Secondary School 2 - Bishop Verot HS 0 | BOTTOM OF THE 1ST |
---|
Bishop Verot HS batting - Pitching for Temiskaming District Secondary School Saints : RHP Denis Hudson | Pitching: RHP Denis Hudson | | Batting: RHB Ken O'Quinn | 0-0: Swinging Strike 0-1: Ground out 5-3 (Groundball, 56) | Batting: LHB Mario Rodríguez | 0-0: Ball 1-0: Ground out 4-3 (Groundball, 4) | Batting: RHB Jorge Franco | 0-0: Called Strike 0-1: Ball 1-1: Swinging Strike 1-2: Strikes out looking | Bottom of the 1st over - 0 runs, 0 hits, 0 errors, 0 left on base; Temiskaming District Secondary School 2 - Bishop Verot HS 0 | TOP OF THE 2ND |
---|
Temiskaming District Secondary School Saints batting - Pitching for Bishop Verot HS : RHP Mathieu Hallé | Batting: RHB Scott Roberts | 0-0: Foul Ball, location: 2F 0-1: Ball 1-1: Called Strike 1-2: Strikes out swinging | Batting: RHB Emílio Gómez | 0-0: Called Strike 0-1: Ball 1-1: Ball 2-1: Foul Ball, location: 2F 2-2: Ball 3-2: Base on Balls | Batting: LHB Kevin McGee | 0-0: Called Strike 0-1: Called Strike 0-2: Strikes out looking | Batting: RHB José Icaza | 0-0: Ball 1-0: Ball 2-0: Foul Ball, location: 2F 2-1: Swinging Strike 2-2: Strikes out looking | Top of the 2nd over - 0 runs, 0 hits, 0 errors, 1 left on base; Temiskaming District Secondary School 2 - Bishop Verot HS 0 | BOTTOM OF THE 2ND |
---|
Bishop Verot HS batting - Pitching for Temiskaming District Secondary School Saints : RHP Denis Hudson | Batting: RHB Frank Rangel | 0-0: Ball 1-0: Ground out 4-3 (Groundball, 4M) | Batting: LHB Fred Peters | 0-0: Fly out, F8 (Flyball, 8LD) | Batting: SHB Paul Johnson | 0-0: Ball 1-0: SOLO HOME RUN (Flyball, 7D), Distance : 375 ft | Batting: LHB Mike MacNamara | 0-0: Swinging Strike 0-1: Foul Ball, location: 2F 0-2: Strikes out swinging | Bottom of the 2nd over - 1 run, 1 hit, 0 errors, 0 left on base; Temiskaming District Secondary School 2 - Bishop Verot HS 1 | TOP OF THE 3RD |
---|
Temiskaming District Secondary School Saints batting - Pitching for Bishop Verot HS : RHP Mathieu Hallé | Batting: LHB Juan Esparza | 0-0: Foul Ball, location: 2F 0-1: Fly out, F9 (Flyball, 9) | Batting: RHB Hilton Knowles | 0-0: Called Strike 0-1: Ball 1-1: Foul Ball, location: 2F 1-2: Ground out 5-3 (Groundball, 25) | Batting: LHB Leonardo Torres | 0-0: SINGLE (Line Drive, 9LS) | Batting: RHB Ramón Cabrera | 0-0: Ball 1-0: Ball 2-0: Fly out, F2 (Popup, 15S) | Top of the 3rd over - 0 runs, 1 hit, 0 errors, 1 left on base; Temiskaming District Secondary School 2 - Bishop Verot HS 1 | BOTTOM OF THE 3RD |
---|
Bishop Verot HS batting - Pitching for Temiskaming District Secondary School Saints : RHP Denis Hudson | Batting: RHB Adam Trujillo | 0-0: Called Strike 0-1: Bunt for hit - play at first, batter OUT! 1-3 | Batting: RHB José Mejía | 0-0: Foul Ball, location: 2F 0-1: Swinging Strike 0-2: Ball 1-2: Foul Ball, location: 2F 1-2: Foul Ball, location: 2F 1-2: Foul Ball, location: 2F 1-2: Strikes out looking | Batting: RHB Ken O'Quinn | 0-0: Ball 1-0: Foul Ball, location: 2F 1-1: Ball 2-1: Ball 3-1: Base on Balls | Batting: LHB Mario Rodríguez | 0-0: Foul Ball, location: 2F 0-1: Ball 1-1: Foul Ball, location: 2F 1-2: Strikes out swinging | Bottom of the 3rd over - 0 runs, 0 hits, 0 errors, 1 left on base; Temiskaming District Secondary School 2 - Bishop Verot HS 1 | TOP OF THE 4TH |
---|
Temiskaming District Secondary School Saints batting - Pitching for Bishop Verot HS : RHP Mathieu Hallé | Batting: RHB Louis-Joseph Perrier | 0-0: Ball 1-0: Ball 2-0: Ball 3-0: Called Strike 3-1: Foul Ball, location: 2F 3-2: Foul Ball, location: 2F 3-2: Strikes out swinging | Batting: RHB Scott Roberts | 0-0: Ball 1-0: Ball 2-0: Ball 3-0: Base on Balls | Batting: RHB Emílio Gómez | 0-0: Ball 1-0: Ball Scott Roberts steals 2nd base 2-0: Foul Ball, location: 2F 2-1: Reached on error, E9 (Flyball, 9LS) Scott Roberts to third | Batting: LHB Kevin McGee | 0-0: Called Strike 0-1: Ball 1-1: Called Strike 1-2: Foul Ball, location: 2F 1-2: Ball 2-2: Strikes out swinging | Batting: RHB José Icaza | 0-0: Foul Ball, location: 2F 0-1: Called Strike 0-2: Ball 1-2: Strikes out swinging | Top of the 4th over - 0 runs, 0 hits, 1 error, 2 left on base; Temiskaming District Secondary School 2 - Bishop Verot HS 1 | BOTTOM OF THE 4TH |
---|
Bishop Verot HS batting - Pitching for Temiskaming District Secondary School Saints : RHP Denis Hudson | Batting: RHB Jorge Franco | 0-0: Called Strike 0-1: Ground out 4-3 (Groundball, 4) | Batting: RHB Frank Rangel | 0-0: Ball 1-0: Ball 2-0: Ball 3-0: Base on Balls | Batting: LHB Fred Peters | 0-0: SINGLE (Line Drive, 56) Frank Rangel to second | Batting: SHB Paul Johnson | 0-0: Ball 1-0: Called Strike 1-1: Swinging Strike 1-2: Ball 2-2: Fly out, F7 (Line Drive, 7) | Batting: LHB Mike MacNamara | 0-0: Ball 1-0: Ball 2-0: Ball 3-0: Base on Balls Frank Rangel to third Fred Peters to second | Batting: RHB Adam Trujillo | 0-0: Ball 1-0: Called Strike 1-1: Swinging Strike 1-2: Foul Ball, location: 2F 1-2: Ball 2-2: Foul Ball, location: 2F 2-2: Foul Ball, location: 2F 2-2: Ball 3-2: Foul Ball, location: 2F 3-2: Foul Ball, location: 2F 3-2: Base on Balls Frank Rangel scores Fred Peters to third Mike MacNamara to second | Batting: RHB José Mejía | 0-0: Ball 1-0: Called Strike 1-1: Ball 2-1: Called Strike 2-2: Foul Ball, location: 2F 2-2: Foul Ball, location: 2F 2-2: Foul Ball, location: 2F 2-2: Fly out, F9 (Flyball, 89D) | Bottom of the 4th over - 1 run, 1 hit, 0 errors, 3 left on base; Temiskaming District Secondary School 2 - Bishop Verot HS 2 | TOP OF THE 5TH |
---|
Temiskaming District Secondary School Saints batting - Pitching for Bishop Verot HS : RHP Mathieu Hallé | Batting: LHB Juan Esparza | 0-0: Called Strike 0-1: Ball 1-1: Ball 2-1: Ground out 5-3 (Groundball, 56) | Pitching: LHP Silas Farr | | Batting: RHB Hilton Knowles | 0-0: Ball 1-0: Foul Ball, location: 2F 1-1: Foul Ball, location: 2F 1-2: Ball 2-2: Fly out, F9 (Line Drive, 9) | Batting: LHB Leonardo Torres | 0-0: Ball 1-0: Ball 2-0: Ball 3-0: Called Strike 3-1: Called Strike 3-2: Fly out, F8 (Flyball, 8RM) | Top of the 5th over - 0 runs, 0 hits, 0 errors, 0 left on base; Temiskaming District Secondary School 2 - Bishop Verot HS 2 | BOTTOM OF THE 5TH |
---|
Bishop Verot HS batting - Pitching for Temiskaming District Secondary School Saints : RHP Denis Hudson | Batting: RHB Ken O'Quinn | 0-0: Called Strike 0-1: Ball 1-1: Foul Ball, location: 2F 1-2: SINGLE (Groundball, 6MD) | Batting: LHB Mario Rodríguez | 0-0: SINGLE (Groundball, 4D) Ken O'Quinn to second Runner from 2nd tries for 3rd, SAFE, throw made to third | Batting: RHB Jorge Franco | 0-0: Foul Ball, location: 2F 0-1: Ball 1-1: Foul Ball, location: 2F 1-2: Ball 2-2: Foul Ball, location: 2F 2-2: Foul Ball, location: 2F 2-2: Strikes out swinging | Batting: RHB Frank Rangel | 0-0: Ball 1-0: Called Strike 1-1: Ball 2-1: Grounds into double play, 5-4-3 (Groundball, 5L) | Bottom of the 5th over - 0 runs, 2 hits, 0 errors, 1 left on base; Temiskaming District Secondary School 2 - Bishop Verot HS 2 | TOP OF THE 6TH |
---|
Temiskaming District Secondary School Saints batting - Pitching for Bishop Verot HS : LHP Silas Farr | Batting: RHB Ramón Cabrera | 0-0: Ball 1-0: Swinging Strike 1-1: Foul Ball, location: 2F 1-2: Foul Ball, location: 2F 1-2: Foul Ball, location: 2F 1-2: Foul Ball, location: 2F 1-2: Ball 2-2: Ground out U3 (Groundball, 3L) | Batting: RHB Louis-Joseph Perrier | 0-0: Ball 1-0: Foul Ball, location: 2F 1-1: Called Strike 1-2: Foul Ball, location: 2F 1-2: Reached on error, E6 (Groundball, 6) | Batting: RHB Scott Roberts | 0-0: Ball 1-0: Ball 2-0: Ball 3-0: Base on Balls Louis-Joseph Perrier to second | Batting: RHB Emílio Gómez | 0-0: Called Strike 0-1: Fly out, F9 (Flyball, 9LM) | Batting: LHB Kevin McGee | 0-0: Foul Ball, location: 2F 0-1: Ground out U3 (Groundball, 3) | Top of the 6th over - 0 runs, 0 hits, 1 error, 2 left on base; Temiskaming District Secondary School 2 - Bishop Verot HS 2 | BOTTOM OF THE 6TH |
---|
Bishop Verot HS batting - Pitching for Temiskaming District Secondary School Saints : RHP Denis Hudson | Batting: LHB Fred Peters | 0-0: Ball 1-0: Swinging Strike 1-1: Called Strike 1-2: Ball 2-2: Ball 3-2: SOLO HOME RUN (Flyball, 9LD), Distance : 335 ft | Batting: SHB Paul Johnson | 0-0: Ball 1-0: Foul Ball, location: 2F 1-1: Ball 2-1: Ball 3-1: Swinging Strike 3-2: Foul Ball, location: 2F 3-2: Base on Balls | Batting: LHB Mike MacNamara | 0-0: Ball 1-0: Ball 2-0: Swinging Strike 2-1: Swinging Strike 2-2: Ball 3-2: Base on Balls Paul Johnson to second | Batting: RHB Adam Trujillo | 0-0: Called Strike 0-1: Ball 1-1: Foul Ball, location: 2F 1-2: Foul Ball, location: 2F 1-2: Ball Wild Pitch! Paul Johnson to third Mike MacNamara to second 2-2: Strikes out swinging | Batting: RHB José Mejía | 0-0: Ball 1-0: Foul Ball, location: 2F 1-1: Ball 2-1: Ball 3-1: Base on Balls | Batting: RHB Ken O'Quinn | 0-0: Ball 1-0: Ball 2-0: Called Strike 2-1: SINGLE (Groundball, 56D) Paul Johnson scores Mike MacNamara to third José Mejía to second | Batting: LHB Mario Rodríguez | 0-0: Called Strike 0-1: Foul Ball, location: 2F 0-2: Ball 1-2: Foul Ball, location: 2F 1-2: Strikes out swinging | Batting: RHB Jorge Franco | 0-0: Ball 1-0: Ball 2-0: Foul Ball, location: 2F 2-1: Ball 3-1: Swinging Strike 3-2: Base on Balls Mike MacNamara scores José Mejía to third Ken O'Quinn to second | Batting: RHB Frank Rangel | 0-0: Ball 1-0: Called Strike 1-1: Foul Ball, location: 2F 1-2: Ball 2-2: Ball 3-2: Fly out, F8 (Flyball, 8RM) | Bottom of the 6th over - 3 runs, 2 hits, 0 errors, 3 left on base; Temiskaming District Secondary School 2 - Bishop Verot HS 5 | TOP OF THE 7TH |
---|
Temiskaming District Secondary School Saints batting - Pitching for Bishop Verot HS : LHP Silas Farr | Batting: RHB José Icaza | 0-0: Called Strike 0-1: Fly out, F8 (Flyball, 8LD) | Batting: LHB Juan Esparza | 0-0: Ball 1-0: Fly out, F8 (Flyball, 8RS) | Batting: RHB Hilton Knowles | 0-0: Called Strike 0-1: Ball 1-1: Swinging Strike 1-2: Foul Ball, location: 2F 1-2: Foul Ball, location: 2F 1-2: Ball 2-2: Ball 3-2: SINGLE (Line Drive, 34) | Batting: LHB Leonardo Torres | 0-0: Ball Hilton Knowles is caught stealing 2nd base | Top of the 7th over - 0 runs, 1 hit, 0 errors, 0 left on base; Temiskaming District Secondary School 2 - Bishop Verot HS 5 | BOTTOM OF THE 7TH |
---|
Bishop Verot HS batting - Pitching for Temiskaming District Secondary School Saints : RHP Denis Hudson | Batting: LHB Fred Peters | 0-0: Ball 1-0: Foul Ball, location: 2F 1-1: Called Strike 1-2: Ball 2-2: Ball 3-2: Foul Ball, location: 2F 3-2: Foul Ball, location: 2F 3-2: SOLO HOME RUN (Line Drive, 89XD), Distance : 412 ft | Batting: SHB Paul Johnson | 0-0: Ball 1-0: Ball 2-0: Ball 3-0: Base on Balls | Batting: LHB Mike MacNamara | 0-0: Ball 1-0: Bunted foul 1-1: Ball 2-1: Ball 3-1: Ball Paul Johnson to second | Batting: RHB Adam Trujillo | Balk! Paul Johnson to third Mike MacNamara to second 0-0: Intentional Walk | Batting: RHB José Mejía | 0-0: Called Strike 0-1: Fly out, F7 (Flyball, 7S) | Batting: RHB Ken O'Quinn | 0-0: Ball 1-0: Ball 2-0: Swinging Strike 2-1: Foul Ball, location: 2F 2-2: Foul Ball, location: 2F 2-2: Foul Ball, location: 2F 2-2: Ball 3-2: Base on Balls Paul Johnson scores Mike MacNamara to third Adam Trujillo to second | Batting: LHB Mario Rodríguez | 0-0: Ball 1-0: Ball 2-0: Ball 3-0: Base on Balls Mike MacNamara scores Adam Trujillo to third Ken O'Quinn to second | Pitching: LHP Jaime Meléndez | | Batting: RHB Jorge Franco | 0-0: Called Strike 0-1: SINGLE (Groundball, 56D) Adam Trujillo scores Ken O'Quinn to third Mario Rodríguez to second Runner from 3rd tries for Home, SAFE, throw made home | Batting: RHB Frank Rangel | 0-0: SINGLE (Flyball, 7S) Mario Rodríguez to third Jorge Franco to second | Batting: LHB Fred Peters | 0-0: Ball 1-0: Ball 2-0: Foul Ball, location: 2F 2-1: Ball 3-1: Called Strike 3-2: Base on Balls Mario Rodríguez scores Jorge Franco to third Frank Rangel to second | Batting: SHB Paul Johnson | 0-0: Ball 1-0: Foul Ball, location: 2F 1-1: Swinging Strike 1-2: Ball 2-2: Foul Ball, location: 2F 2-2: Ground out 3-1 (Groundball, 3S) Jorge Franco scores Frank Rangel to third Fred Peters to second | Batting: LHB Mike MacNamara | 0-0: Called Strike 0-1: Ball 1-1: Ball 2-1: Ball 3-1: Base on Balls | Batting: RHB Adam Trujillo | 0-0: Ball 1-0: Called Strike 1-1: Ball 2-1: Foul Ball, location: 2F 2-2: Foul Ball, location: 2F 2-2: Ball 3-2: Base on Balls Frank Rangel scores Fred Peters to third Mike MacNamara to second | Batting: RHB José Mejía | 0-0: Ball 1-0: Foul Ball, location: 2F 1-1: Foul Ball, location: 2F 1-2: Fly out, F7 (Flyball, 7LM) | Bottom of the 7th over - 8 runs, 3 hits, 0 errors, 3 left on base; Temiskaming District Secondary School 2 - Bishop Verot HS 13 | TOP OF THE 8TH |
---|
Temiskaming District Secondary School Saints batting - Pitching for Bishop Verot HS : LHP Silas Farr | Batting: LHB Leonardo Torres | 0-0: Foul Ball, location: 2F 0-1: Ground out 4-3 (Groundball, 34D) | Batting: RHB Ramón Cabrera | 0-0: Swinging Strike 0-1: Foul Ball, location: 2F 0-2: Foul Ball, location: 2F 0-2: Ball 1-2: Ball 2-2: SINGLE (Line Drive, 8RS) | Batting: RHB Louis-Joseph Perrier | 0-0: Ball 1-0: 2-RUN HOME RUN (Flyball, 9LD), Distance : 347 ft | Batting: RHB Scott Roberts | 0-0: Swinging Strike 0-1: Ball 1-1: Ball 2-1: Called Strike 2-2: Ball 3-2: Foul Ball, location: 2F 3-2: Foul Ball, location: 2F 3-2: Fly out, F7 (Flyball, 7LM) | Batting: RHB Emílio Gómez | 0-0: Ball 1-0: Foul Ball, location: 2F 1-1: Ball 2-1: Ball 3-1: Base on Balls | Batting: LHB Kevin McGee | 0-0: Ball 1-0: Ball 2-0: Ball 3-0: Base on Balls Emílio Gómez to second | Batting: RHB José Icaza | 0-0: Called Strike 0-1: Ball 1-1: DOUBLE (Line Drive, 7D) Emílio Gómez scores Kevin McGee to third Runner from 3rd tries for Home, SAFE, no throw | Batting: LHB Juan Esparza | 0-0: Ball 1-0: Ball 2-0: Foul Ball, location: 2F 2-1: Foul Ball, location: 2F 2-2: Foul Ball, location: 2F 2-2: Ball 3-2: Base on Balls | Pitching: RHP Charlie Newell | | Batting: RHB Hilton Knowles | 0-0: Called Strike 0-1: Ball 1-1: SINGLE (Popup, 2R) José Icaza to third Juan Esparza to second Runner from 3rd tries for Home, SAFE, throw made home | Batting: LHB Leonardo Torres | 0-0: Called Strike 0-1: Called Strike 0-2: Ball 1-2: Foul Ball, location: 2F 1-2: SINGLE (Groundball, 4M) (infield hit) Juan Esparza to third Hilton Knowles to second | Batting: RHB Ramón Cabrera | 0-0: Ball 1-0: Ball 2-0: Called Strike 2-1: SINGLE (Groundball, 56D) Juan Esparza scores Hilton Knowles to third Leonardo Torres to second Runner from 3rd tries for Home, throw and OUT! | Top of the 8th over - 6 runs, 6 hits, 0 errors, 2 left on base; Temiskaming District Secondary School 8 - Bishop Verot HS 13 | BOTTOM OF THE 8TH |
---|
Bishop Verot HS batting - Pitching for Temiskaming District Secondary School Saints : LHP Jaime Meléndez | Batting: RHB Ken O'Quinn | 0-0: Ground out 5-3 (Groundball, 5) | Batting: LHB Mario Rodríguez | 0-0: Ball 1-0: Ball 2-0: Ball 3-0: Base on Balls | Batting: RHB Jorge Franco | 0-0: Ball 1-0: Ball 2-0: Ball 3-0: Base on Balls Mario Rodríguez to second | Batting: RHB Frank Rangel | 0-0: Ball 1-0: Ball 2-0: Ball 3-0: Base on Balls Mario Rodríguez to third Jorge Franco to second | Batting: LHB Fred Peters | 0-0: Foul Ball, location: 2F 0-1: Swinging Strike 0-2: Ball 1-2: Foul Ball, location: 2F 1-2: Ball 2-2: Ball 3-2: Base on Balls Mario Rodríguez scores Jorge Franco to third Frank Rangel to second | Batting: SHB Paul Johnson | 0-0: Called Strike 0-1: Foul Ball, location: 2F 0-2: Ball 1-2: Foul Ball, location: 2F 1-2: Ball 2-2: SINGLE (Groundball, 4D) Jorge Franco scores Frank Rangel to third Fred Peters to second Runner from 3rd tries for Home, throw and OUT! | Batting: LHB Mike MacNamara | 0-0: Ball 1-0: Swinging Strike 1-1: Ball 2-1: Foul Ball, location: 2F 2-2: Foul Ball, location: 2F 2-2: Ball 3-2: Foul Ball, location: 2F 3-2: Base on Balls Fred Peters to third Paul Johnson to second | Pitching: LHP Guillermo Silva | | Batting: RHB Adam Trujillo | 0-0: Ball 1-0: Foul Ball, location: 2F 1-1: Called Strike 1-2: Ball 2-2: Foul Ball, location: 2F 2-2: Fielders Choice at 2nd, 6-4 (Groundball, 6) | Bottom of the 8th over - 2 runs, 1 hit, 0 errors, 3 left on base; Temiskaming District Secondary School 8 - Bishop Verot HS 15 | TOP OF THE 9TH |
---|
Temiskaming District Secondary School Saints batting - Pitching for Bishop Verot HS : RHP Charlie Newell | Batting: RHB Louis-Joseph Perrier | 0-0: Ball 1-0: Ball 2-0: Swinging Strike 2-1: Foul Ball, location: 2F 2-2: Strikes out looking | Batting: RHB Scott Roberts | 0-0: Ball 1-0: Swinging Strike 1-1: Foul Ball, location: 2F 1-2: Ball 2-2: Foul Ball, location: 2F 2-2: Ball 3-2: Base on Balls | Batting: RHB Emílio Gómez | 0-0: Ball 1-0: Ball 2-0: Called Strike 2-1: Fly out, F9 (Flyball, 9S) | Batting: LHB Kevin McGee | 0-0: Fly out, F8 (Flyball, 8LM) | Top of the 9th over - 0 runs, 0 hits, 0 errors, 1 left on base; Temiskaming District Secondary School 8 - Bishop Verot HS 15 | |